 Dungeon Crawl Stone Soup version 0.17.1-1-g73c8601 (webtiles) character file.

76 abixa the Cudgeler (level 4, -1/45 HPs)
             Began as an Ogre Skald on Jan 5, 2016.
             Slain by Sigmund
             ... wielding a cursed +0 scythe
              (11 damage)
             ... on level 3 of the Dungeon.
             The game lasted 00:07:10 (2842 turns).

abixa the Cudgeler (Ogre Skald)                     Turns: 2842, Time: 00:07:11

Health: -1/45      AC:  3    Str: 17    XL:     4   Next: 32%
Magic:  15/17      EV:  9    Int: 12    God:
Gold:   169        SH:  0    Dex:  9    Spells: 3 memorised, 4 levels left

rFire  . . .     SeeInvis .     a - +0 mace
rCold  . . .     Clarity  .     b - +0 robe
rNeg   . . .     SustAt   .     (no shield)
rPois  .         Gourm    .     (helmet restricted)
rElec  .         Spirit   .     (no cloak)
rCorr  .         Warding  .     (gloves unavailable)
rMut   .         Stasis   .     (boots unavailable)
MR     .....                    (no amulet)
Stlth  +.........               i - ring of magical power
                                g - ring of flight

@: infused (expiring), not resistant to hostile enchantments, very unstealthy
A: unfitting armour, tough skin 1
a: Evoke Flight


You were on level 3 of the Dungeon.
You were not hungry.

You visited 1 branch of the dungeon, and saw 3 of its levels.

You collected 169 gold pieces.

Inventory:

Hand Weapons
 a - a +0 mace (weapon)
 o - a +0 spear
Missiles
 h - 51 stones (quivered)
 q - 16 poisoned needles
Armour
 b - a +0 robe (worn)
Jewellery
 g - a ring of flight (left hand)
 i - a ring of magical power (right hand)
Scrolls
 k - 3 scrolls of identify {unknown}
 p - a scroll of fear {unknown}
 r - 2 scrolls of remove curse {unknown}
Potions
 e - a potion of cure mutation {unknown}
 f - a potion of curing {unknown}
 l - a potion of invisibility {unknown}
 n - a potion of magic {unknown}
 s - a potion of flight {unknown}
Books
 c - a book of Battle

   Spells                             Type                      Level
   a - Infusion                       Charms                       1
   b - Shroud of Golubria             Charms/Translocation         2
   c - Song of Slaying                Charms                       2
   d - Spectral Weapon                Hexes/Charms                 3
   e - Regeneration                   Charms/Necromancy            3
Comestibles
 d - 2 bread rations
 j - a slice of pizza
 m - a meat ration
 u - 3 fruits


   Skills:
 + Level 3.5 Fighting
 * Level 4.3 Maces & Flails
 + Level 1.6 Dodging
 - Level 3.0 Spellcasting
 + Level 2.3 Charms


You had 4 spell levels left.
You knew the following spells:

 Your Spells              Type           Power        Failure   Level  Hunger
a - Infusion              Chrm           #.....       12%         1    #......
b - Song of Slaying       Chrm           #.......     14%         2    ###....
c - Shroud of Golubria    Chrm/Tloc      #.........   28%         2    ###....


Dungeon Overview and Level Annotations

Branches:
Dungeon (3/15)

Altars:
Dithmenos
Elyvilon

Annotations:
D:3 Sigmund


Innate Abilities, Weirdness & Mutations

You are too large for most types of armour.
You have tough skin (AC +1).


Message History

Sigmund casts a spell at you.
You are confused.
Sigmund gestures wildly while chanting.
Sigmund flickers and vanishes!
Deactivating autopickup; reactivate with Ctrl-A.
You aren't carrying any items that can be evoked.
A magic dart appears from out of thin air!
The magic dart hits you!
You bump into the rock wall.
A magic dart appears from out of thin air!
The magic dart hits you!
Your shroud unravels.
Something hits you but does no damage.
Your magical infusion is running out.
You're too confused to move!
You feel less confused. Something hits you!
* * * LOW HITPOINT WARNING * * *
You closely miss something. Something hits you!
You die...

.. ..# #.# .b# #.#
..# #.# ..# #.# ..##
####.# !@.
##....#######.##
#.....@{..##%..####
##......##.........!.
#...)...#####...####.
#.#...#.# ##.## .##
#.#####.# #... ...##
#.# #.# #.### #...
#.# #.. #.# #..# #.#
##. #.# #..# #.# #.#
#.######..#


There were no monsters in sight!

Vanquished Creatures
  3 adders (D:2)
  A worm (D:2)
  2 giant geckos
  7 hobgoblins
  5 kobolds
  A quokka (D:2)
  7 bats
  4 giant newts
  4 goblins
  7 jackals (D:2)
  4 rats
45 creatures vanquished.

Notes
Turn   | Place    | Note
--------------------------------------------------------------
     0 | D:1      | abixa the Ogre Skald began the quest for the Orb.
     0 | D:1      | Reached XP level 1. HP: 22/22 MP: 3/3
    29 | D:1      | Reached skill level 3 in Maces & Flails
   183 | D:1      | Reached XP level 2. HP: 18/29 MP: 0/5
   878 | D:2      | Reached XP level 3. HP: 34/37 MP: 7/7
   906 | D:2      | Learned a level 2 spell: Song of Slaying
   909 | D:2      | Learned a level 2 spell: Shroud of Golubria
  1179 | D:2      | Found a white marble altar of Elyvilon.
  1608 | D:2      | Reached skill level 4 in Maces & Flails
  1898 | D:2      | Reached XP level 4. HP: 45/45 MP: 8/8
  2742 | D:3      | Found a shadowy altar of Dithmenos.
  2822 | D:3      | Noticed Sigmund
  2842 | D:3      | Slain by Sigmund

Action                   |  1- 3 |  4- 6 || total
-------------------------+-------+-------++-------
Melee: Mace              |    87 |    49 ||   136
Throw: Stone             |     1 |       ||     1
 Cast: Infusion          |    15 |     6 ||    21
       Shroud of Golubri |     3 |     4 ||     7
  Eat: Chunk             |     2 |     5 ||     7
